 Dungeon Crawl Stone Soup version 0.28.0-45-g0d030f2227 (webtiles) character file.

Game seed: 4624660332595164077

20470 protoss039 the Fighter (level 12, -5/105 HPs)
             Began as a Demonspawn Earth Elementalist on May 30, 2022.
             Was a Priest of Vehumet.
             Slain by an ice devil (8 damage)
             ... in an ice cave.
             The game lasted 00:27:17 (17376 turns).

protoss039 the Fighter (DsEE)                      Turns: 17376, Time: 00:27:19

Health: -5/105     AC:  9    Str:  9    XL:     12   Next: 45%
Magic:  8/24       EV: 12    Int: 20    God:    Vehumet [***...]
Gold:   620        SH:  0    Dex: 15    Spells: 12/28 levels left

rFire   . . .      SeeInvis .   I - staff of cold
rCold   + . .      Faith    .   (no shield)
rNeg    . . .      Spirit   .   F - +1 robe {Will+}
rPois   .          Reflect  .   v - +0 helmet
rElec   .          Harm     .   A - +0 cloak
rCorr   +          Rampage  .   m - +0 pair of gloves
Will    +....                   (no boots)
Stlth   ++........              e - amulet of magic regeneration
HPRegen 0.27/turn               G - ring of resist corrosion
MPRegen 0.59/turn               (no ring)

@: no status effects
A: slimy green scales 2, ignite blood 2, demonic magic 3, weakness stinger 2
a: Renounce Religion


You were in an ice cave.
You worshipped Vehumet.
Vehumet was most pleased with you.
You visited 2 branches of the dungeon, and saw 14 of its levels.
You also visited: Ice Cave.

You collected 704 gold pieces.
You spent 84 gold pieces at shops.

Inventory:

Hand Weapons
 a - a +2 dagger of venom
 w - a +0 hand axe of venom
Missiles
 c - 302 stones
Armour
 m - a +0 pair of gloves (worn)
 v - a +0 helmet (worn)
 A - a +0 cloak (worn)
 F - a +1 robe of willpower (worn)
 H - +0 steam dragon scales
Magical Staves
 I - a staff of cold (weapon)
Jewellery
 e - an amulet of magic regeneration (around neck)
 G - a ring of resist corrosion (left hand)
Wands
 o - a wand of flame (25)
 t - a wand of mindburst (13)
 y - a wand of digging (9)
 E - a wand of iceblast (18)
Scrolls
 b - 2 scrolls of enchant weapon
 d - 4 scrolls of identify
 f - 6 scrolls of teleportation
 g - 4 scrolls of summoning
 h - 4 scrolls of fear
 k - a scroll of torment
 p - 2 scrolls of magic mapping
 s - 2 scrolls of silence
 B - 3 scrolls of amnesia
 D - 2 scrolls of blinking
 J - 2 scrolls of fog
 K - a scroll of brand weapon
Potions
 i - 2 potions of attraction {unknown}
 j - a potion of magic {unknown}
 l - 12 potions of ambrosia
 n - 3 potions of mutation {unknown}
 q - a potion of cancellation {unknown}
 r - 2 potions of brilliance {unknown}
 x - 2 potions of flight {unknown}
 z - 2 potions of haste {unknown}
 C - a potion of degeneration {unknown}
 L - a potion of invisibility {unknown}


   Skills:
 * Level 13.1 Fighting
 - Level 3.0 Armour
 - Level 1.7 Dodging
 - Level 1.7 Stealth
 + Level 8.8 Spellcasting
 + Level 8.5 Conjurations
 - Level 3.0 Transmutations
 + Level 9.1 Earth Magic


You had 12 spell levels left.
You knew the following spells:

 Your Spells              Type           Power      Damage    Failure   Level
a - Sandblast             Erth           90%        2d19      1%          1
b - Passwall              Tmut/Erth      27%        N/A       1%          2
c - Stone Arrow           Conj/Erth      88%        3d12      1%          3
d - Iskenderun's Battles  Conj           42%        2d9       1%          5
e - Fireball              Conj/Fire      12%        3d7       11%         5

Your spell library contained the following spells:

 Spells                   Type           Power      Damage    Failure   Level
 Frozen Ramparts          Ice            26%        1d4       7%          3
 Dazzling Flash           Conj/Hex       50%        N/A       1%          3
 Petrify                  Tmut/Erth      33%        N/A       6%          4
 Animate Skeleton         Necr           16%        N/A       8%          1
 Pain                     Necr           32%        1d5       8%          1
 Gell's Gravitas          Tloc           8%         N/A       24%         3
 Teleport Other           Tloc           8%         N/A       24%         3
 Vampiric Draining        Necr           8%         2d6       24%         3
 Conjure Ball Lightning   Conj/Air       12%        3x3d6     45%         6
 Orb of Destruction       Conj           21%        9d8       45%         7
 Agony                    Necr           8%         N/A       91%         5
 Silence                  Hex/Air        4%         N/A       91%         5
 Dispersal                Tloc           4%         N/A       100%        6


Dungeon Overview and Level Annotations

Branches:
Dungeon (13/15)            Temple (1/1) D:5            Lair (0/6) D:11
    Orc (0/2) D:11          IceCv (1/1)
 Vaults: D:13-14

Altars:
Ashenzari
Cheibriados
Dithmenos
Elyvilon
Fedhas
Gozag
Hepliaklqana
Kikubaaqudgha
Makhleb
Nemelex Xobeh
Okawaru
Qazlal
Ru
Sif Muna
Trog
Uskayaw
Vehumet
Wu Jian
Xom
Yredelemnul
Zin
The Shining One

Shops:
D:1 (   D:3 (   D:5 !   D:12 (

Annotations:
D:10 3 runed translucent doors, raph's ghost, journeyman DDNe


Innate Abilities, Weirdness & Mutations

You are mostly covered in slimy green scales. (AC +3)
Your demonic aura often causes spilled blood to erupt in flames.
Spells you cast and wands you use may paralyse nearby enemies.
You have a tail ending in a sharp stinger.


Message History

The ice devil is lightly wounded.
Malevolent energies surge around you.
The ice devil hits you but does no damage.
Unknown command.
Okay, then.
Unknown command.
Unknown command.
Unknown command.
Casting: Sandblast (safe; 1% risk of failure)
Confirm with . or Enter, or press ? or * to list all spells.
Aiming: Stone Arrow (safe; 1% risk of failure)
Press: ? - help, Shift-Dir - straight line, f/p - ice devil
Aim: an ice devil (lightly wounded, 76% to hit)
The stone arrow hits the ice devil!
The ice devil is heavily wounded.
Malevolent energies surge around you. The ice devil hits you.
* * * LOW HITPOINT WARNING * * *
The ice devil freezes you! You resist.
* * * LOW HITPOINT WARNING * * *
Unknown command.
Unknown command.
Casting: Stone Arrow (safe; 1% risk of failure)
Confirm with . or Enter, or press ? or * to list all spells.
Aiming: Stone Arrow (safe; 1% risk of failure)
Press: ? - help, Shift-Dir - straight line, f/p - ice devil
Aim: an ice devil (heavily wounded, 76% to hit)
The stone arrow hits the ice devil!
The ice devil is severely wounded.
Malevolent energies surge around you.
The ice devil is no longer paralysed.
The ice devil closely misses you.
Unknown command.
Casting: Stone Arrow (safe; 1% risk of failure)
Confirm with . or Enter, or press ? or * to list all spells.
Aiming: Stone Arrow (safe; 1% risk of failure)
Press: ? - help, Shift-Dir - straight line, f/p - ice devil
Aim: an ice devil (severely wounded, 76% to hit)
The stone arrow hits the ice devil.
The ice devil is severely wounded.
Malevolent energies surge around you. The ice devil hits you!
You die...

##### #### ####.#.##
##..## #### #.......##
##....#####..####.......#
#.......##....##........#
#.∩.∩.......#...........#
#..........###.........##
##....##..#.@###.......#
##..########44##......#
#### ###."......#
###.....## #....## ##4.##
#...## ##...# ###..##


You could see 2 ice devils.

Vanquished Creatures
  A hydra (D:12)
  A centaur warrior (D:13)
  8 two-headed ogres
  2 death yaks (D:11)
  Pikel (D:9)
  2 cyclopes
  3 ugly things
  Maurice (D:8)
  2 ice statues (IceCv)
  A gargoyle (D:11)
  4 unseen horrors
  A kobold demonologist (D:11)
  2 ice devils (IceCv)
  2 trolls (D:11)
  A queen bee (D:12)
  3 meliai (D:12)
  Grinder (D:5)
  A wraith (D:10)
  A wyvern (D:9)
  A spriggan (D:12)
  A vampire (D:10)
  A shadow (D:10)
  3 yaks (D:10)
  Eustachio (D:6)
  A death yak simulacrum (IceCv)
  A steam dragon (D:10)
  Menkaure (D:5)
  2 acid dragons
  4 harpy simulacra (IceCv)
  3 black bears
  2 orc warriors
  3 centaurs
  2 ogres
  A phantom (D:6)
  2 lemures (D:9)
  3 bullfrogs
  A wyvern zombie (D:8)
  3 kobold brigands
  A cane toad simulacrum (IceCv)
  2 scorpions
  26 killer bees
  12 wights
  4 howler monkeys
  A centaur zombie (D:9)
  Crazy Yiuf (D:5)
  4 orc priests
  A centaur skeleton (D:4)
  3 iguanas
  Ijyb (D:4)
  4 orc wizards
  A scorpion zombie (D:5)
  A polar bear simulacrum (IceCv)
  2 troll simulacra (IceCv)
  2 spriggan simulacra (IceCv)
  A wolf simulacrum (IceCv)
  2 hound skeletons
  2 howler monkey zombies
  6 adders
  A naga simulacrum (IceCv)
  A river rat (D:11)
  6 white imps
  6 ufetubi
  An adder skeleton (D:4)
  3 worms
  2 dart slugs
  31 orcs
  A bat (D:2)
  10 endoplasms
  9 giant cockroaches
  7 goblins
  6 hobgoblins
  8 jackals
  9 quokkas
  8 ball pythons
  4 frilled lizards
  23 kobolds
  5 rats
292 creatures vanquished.

Vanquished Creatures (others)
  4 plants (D:10)
4 creatures vanquished.

Grand Total: 296 creatures vanquished

Notes
Turn   | Place    | Note
-------+----------+-------------------------------------------
     0 | D:1      | protoss039 the Demonspawn Earth Elementalist began the
                  | quest for the Orb.
     0 | D:1      | Reached XP level 1. HP: 13/13 MP: 3/3
    74 | D:1      | Reached skill level 1 in Transmutations
   271 | D:1      | Gained mutation: Your demonic aura sometimes causes spilled
                  | blood to erupt in flames. [demonic ancestry]
   271 | D:1      | Reached XP level 2. HP: 20/20 MP: 0/5
   768 | D:2      | Reached skill level 1 in Fighting
  1492 | D:1      | Found Sunwucvu's Antique Weapon Boutique.
  1782 | D:1      | Learned a level 2 spell: Passwall
  1799 | D:2      | Gained mutation: You are partially covered in slimy green
                  | scales. (AC +2) [demonic ancestry]
  1799 | D:2      | Reached XP level 3. HP: 22/26 MP: 6/6
  2470 | D:2      | Found a faded altar of an unknown god.
  2699 | D:2      | Reached skill level 1 in Armour
  2699 | D:2      | Gained mutation: You have a small tail. [demonic ancestry]
  2699 | D:2      | Reached XP level 4. HP: 20/33 MP: 7/7
  3365 | D:3      | Reached skill level 2 in Fighting
  3546 | D:3      | Found Tyuchuc's Weapon Shoppe.
  3765 | D:3      | Gained mutation: Spells you cast may paralyse adjacent
                  | enemies. [demonic ancestry]
  3765 | D:3      | Reached XP level 5. HP: 21/39 MP: 8/8
  4085 | D:3      | Learned a level 3 spell: Stone Arrow
  4441 | D:4      | Noticed Ijyb
  4453 | D:4      | Killed Ijyb
  4640 | D:4      | Reached skill level 1 in Conjurations
  4743 | D:4      | Gained mutation: Your demonic aura often causes spilled
                  | blood to erupt in flames. [demonic ancestry]
  4743 | D:4      | Reached XP level 6. HP: 39/46 MP: 10/10
  4952 | D:4      | Reached skill level 3 in Fighting
  5224 | D:5      | Entered Level 5 of the Dungeon
  5338 | D:5      | Found a runed translucent door.
  5339 | D:5      | Noticed Crazy Yiuf
  5351 | D:5      | Found a staircase to the Ecumenical Temple.
  5412 | Temple   | Entered the Ecumenical Temple
  5887 | D:5      | Found Serairch's Distillery.
  5978 | D:5      | Bought a potion of lignification for 42 gold pieces
  5978 | D:5      | Bought a potion of curing for 42 gold pieces
  5990 | D:5      | Noticed Grinder
  5991 | D:5      | Noticed Menkaure
  6043 | D:5      | Killed Menkaure
  6044 | D:5      | Reached XP level 7. HP: 28/53 MP: 4/11
  6197 | D:5      | Paralysed by Grinder for 6 turns
  6210 | D:5      | Paralysed by Grinder for 4 turns
  6214 | D:5      | Killed Grinder
  6215 | D:5      | Reached skill level 4 in Fighting
  6966 | D:5      | Killed Crazy Yiuf
  6967 | D:5      | Gained mutation: Spells you cast may paralyse nearby
                  | enemies. [demonic ancestry]
  6967 | D:5      | Reached XP level 8. HP: 39/61 MP: 6/13
  7116 | D:6      | Reached skill level 5 in Fighting
  7289 | D:6      | Noticed Eustachio
  7301 | D:6      | Killed Eustachio
  7367 | D:6      | Found a stormy altar of Qazlal.
  7696 | D:6      | Found an ancient bone altar of Kikubaaqudgha.
  7697 | D:6      | Found a shimmering altar of Xom.
  7698 | D:6      | Found a broken altar of Ashenzari.
  7873 | D:6      | Reached skill level 6 in Fighting
  8656 | D:7      | Reached skill level 5 in Earth Magic
  8762 | D:7      | Found a radiant altar of Vehumet.
  8811 | D:7      | Became a worshipper of Vehumet
  9643 | D:8      | Reached skill level 7 in Fighting
  9810 | D:8      | Gained mutation: Spells you cast and wands you use may
                  | paralyse nearby enemies. [demonic ancestry]
  9810 | D:8      | Reached XP level 9. HP: 72/72 MP: 6/16
 10073 | D:8      | Reached skill level 5 in Spellcasting
 10418 | D:8      | Reached * piety under Vehumet
 10418 | D:8      | Offered knowledge of Magic Dart by Vehumet.
 10667 | D:8      | Noticed Maurice
 10670 | D:8      | Killed Maurice
 10671 | D:8      | Reached skill level 8 in Fighting
 11600 | D:9      | Noticed a two-headed ogre
 11666 | D:9      | Found a bloodstained altar of Trog.
 11765 | D:9      | Noticed Pikel
 11790 | D:9      | Killed Pikel
 11791 | D:9      | Gained mutation: You have a tail ending in a sharp stinger.
                  | [demonic ancestry]
 11791 | D:9      | Reached XP level 10. HP: 37/82 MP: 8/19
 12003 | D:9      | Reached skill level 9 in Fighting
 12202 | D:9      | Reached skill level 5 in Conjurations
 12286 | D:9      | Killed a two-headed ogre
 12291 | D:9      | Offered knowledge of Freeze by Vehumet.
 12295 | D:9      | Reached ** piety under Vehumet
 12446 | D:9      | Noticed a two-headed ogre
 12452 | D:9      | Killed a two-headed ogre
 12620 | D:10     | Entered Level 10 of the Dungeon
 13192 | D:10     | Found a runed translucent gate.
 13194 | D:10     | Found a runed translucent gate.
 13194 | D:10     | Noticed raph's ghost (journeyman DDNe)
 13194 | D:10     | Noticed an 11-headed hydra
 13195 | D:10     | Found a runed translucent gate.
 13293 | D:10     | Reached skill level 10 in Fighting
 13944 | D:11     | Found a staircase to the Orcish Mines.
 14057 | D:11     | Noticed a gargoyle
 14063 | D:11     | Killed a gargoyle
 14186 | D:11     | Noticed an orange demon
 14416 | D:11     | Reached XP level 11. HP: 85/92 MP: 8/21
 14555 | D:11     | Found a staircase to the Lair.
 14565 | D:11     | Noticed a death yak
 14573 | D:11     | Killed a death yak
 14626 | D:11     | Noticed a death yak
 14627 | D:11     | Noticed a death yak
 14638 | D:11     | Killed a death yak
 14961 | D:11     | Reached skill level 11 in Fighting
 14963 | D:11     | Noticed a two-headed ogre
 14969 | D:11     | Killed a two-headed ogre
 15352 | D:11     | Noticed a two-headed ogre
 15358 | D:11     | Killed a two-headed ogre
 15424 | D:12     | Noticed a two-headed ogre
 15427 | D:12     | Killed a two-headed ogre
 15469 | D:12     | Noticed a green ugly thing
 15602 | D:12     | Noticed a two-headed ogre
 15606 | D:12     | Killed a two-headed ogre
 15628 | D:12     | Noticed an eight-headed hydra
 15636 | D:12     | Killed an eight-headed hydra
 15786 | D:12     | Noticed a two-headed ogre
 15786 | D:12     | Noticed a purple ugly thing
 15798 | D:12     | Killed a purple ugly thing
 15799 | D:12     | Reached skill level 12 in Fighting
 15802 | D:12     | Killed a two-headed ogre
 15904 | D:12     | Killed a green ugly thing
 15904 | D:12     | Offered knowledge of Conjure Flame by Vehumet.
 16002 | D:12     | Found Lysiv's Antique Weapon Boutique.
 16019 | D:12     | Gained mutation: You are mostly covered in slimy green
                  | scales. (AC +3) [demonic ancestry]
 16019 | D:12     | Reached XP level 12. HP: 85/102 MP: 24/24
 16032 | D:12     | Reached *** piety under Vehumet
 16312 | D:12     | You fall into a shaft and drop 1 floor!
 16364 | D:11     | Learned a level 5 spell: Iskenderun's Battlesphere
 16609 | D:13     | Noticed a centaur warrior
 16614 | D:13     | Killed a centaur warrior
 16626 | D:13     | Noticed a two-headed ogre
 16631 | D:13     | Killed a two-headed ogre
 16652 | D:13     | Found a frozen archway.
 16797 | IceCv    | Entered an ice cave
 16813 | IceCv    | Learned a level 5 spell: Fireball
 16822 | IceCv    | Offered knowledge of Frozen Ramparts by Vehumet.
 16994 | IceCv    | Reached skill level 13 in Fighting
 17332 | IceCv    | HP: 2/105 [ice devil (10)]
 17373 | IceCv    | HP: 2/105 [ice devil (11)]
 17376 | IceCv    | Slain by an ice devil

Illustrated notes

Levels and vault maps discovered:
D:1:      onia_arrival_mini_maze, layout_loops_ring, serial_shops,
          nicolae_shop_statue_plus
D:2:      layout_basic, ebering_ecumenical_altar_box
D:3:      layout_loops_cross, serial_shops, shop
D:4:      layout_loops_cross, uniq_ijyb
D:5:      layout_cave_pools, minmay_temple_entry_tees, serial_shops,
          nicolae_square_shop, nrook_mini_vaults, uniq_menkaure,
          uniq_crazy_yiuf_cottage, uniq_grinder
D:6:      layout_basic, chequers_temple_overflow_statue_of_worship,
          general_overflow_altar, gup_sewer_entry_pipe, uniq_eustachio
D:7:      layout_basic, nicolae_vehumet_altar_sigil, corexii_leaking_fountain,
          minmay_misc_feat_diagonals
D:8:      layout_basic, uniq_maurice
D:9:      layout_rooms, trog_ov_bears_minmay, uniq_pikel
D:10:     layout_roguey, gammafunk_ghost_hydra_chop
D:11:     layout_long_grid, dpeg_lair_monsters, orc_0_dummy, serial_glass,
          glass_columns_c, glass_columns_b, glass_columns_a, glass_columns_c,
          glass_columns_b, glass_columns_b, glass_columns_a, glass_columns_a,
          glass_columns_a, glass_columns_b, glass_columns_a, glass_columns_a,
          glass_columns_b, glass_columns_b
D:12:     layout_long_grid, serial_shops, shop, special_room [special_room_bee],
          hangedman_decor_peaks_small, beargit_hepliaklqana_dungeon_heroes
D:13:     minmay_slanted_spiral_squares, layout_cross,
          ximxim_vaults_locker_room, portal_ice_cave_entry_pillars_1,
          nicolae_lava_and_water, grunt_ministairs_1
Temple:   regret_index_temple_sphere_string
IceCv:    ice_cave_small_demon

Skill      XL: |  1  2  3  4  5  6  7  8  9 10 11 12 |
---------------+-------------------------------------+-----
Transmutations | 1 2 3 |  3.0
Fighting       | 1 2 3 4 7 8 10 12 13 | 13.1
Earth Magic    | 3 4 5 6 7 8 9 |  9.1
Armour         | 1 2 3 |  3.0
Conjurations   | 1 2 3 4 6 7 8 |  8.5
Spellcasting   | 3 4 6 7 8 |  8.8
Dodging        | |  1.7
Stealth        | |  1.7

Action                   |  1- 3 |  4- 6 |  7- 9 | 10-12 || total
-------------------------+-------+-------+-------+-------++-------
Melee: Glaive            |    26 |       |       |       ||    26
       Whip              |     8 |       |       |       ||     8
       Dagger            |    68 |   181 |   184 |    31 ||   464
       Punch             |     2 |     6 |     1 |       ||     9
       Tailslap          |       |    36 |    28 |     8 ||    72
       Staff             |       |       |       |     1 ||     1
 Cast: Sandblast         |    28 |    15 |    43 |    64 ||   150
       Stone Arrow       |       |    11 |    62 |   167 ||   240
       Fireball          |       |       |       |     6 ||     6
Evoke: Wand              |       |       |       |     8 ||     8
  Use: Potion            |     1 |       |     2 |     4 ||     7
       Scroll            |       |     1 |     7 |     7 ||    15
 Stab: Sleeping          |     3 |     6 |       |       ||     9
       Paralysed         |       |     8 |    35 |     7 ||    50
       Distracted        |       |       |     1 |       ||     1
Armor: Robe              |    27 |       |    10 |    30 ||    67
       Leather armour    |     9 |    75 |    47 |       ||   131
       Skin              |       |       |     8 |       ||     8
Dodge: Dodged            |    88 |    75 |    89 |    56 ||   308
